 Dungeon Crawl Stone Soup version 0.28-a0-1074-g3cb2360906 (webtiles) character file.

Game seed: 18440431670399837803

303 Essalna the Gusty (level 6, 0/46 HPs)
             Began as a Demonspawn Air Elementalist on Dec 9, 2021.
             Slain by a rat (2 damage)
             ... on level 3 of the Dungeon.
             The game lasted 00:10:28 (5511 turns).

Essalna the Gusty (Demonspawn Air Elementalist)     Turns: 5511, Time: 00:10:29

Health: 0/46       AC:  4    Str:  7 (10) XL:     6   Next: 15%
Magic:  11/11      EV: 12    Int: 15 (16) God:
Gold:   114        SH:  0    Dex: 14      Spells: 7/12 levels left

rFire   . . .      SeeInvis .   b - +1 whip
rCold   . . .      Faith    .   (no shield)
rNeg    . . .      Spirit   .   a - +0 robe
rPois   .          Reflect  .   (helmet restricted)
rElec   .          Harm     .   (no cloak)
rCorr   .          Rampage  .   (no gloves)
Will    .....                   (no boots)
Stlth   ++........              (no amulet)
HPRegen 0.15/turn               (no ring)
MPRegen 0.12/turn               (no ring)

@: no status effects
A: yellow scales 1, powered by pain 1, weakness stinger 1, beak, deterioration
1, dopey 1, strong 1
a: no special abilities


You were on level 3 of the Dungeon.
You visited 1 branch of the dungeon, and saw 3 of its levels.
You also visited: Sewer.

You collected 114 gold pieces.

Inventory:

Hand Weapons
 b - a +1 whip (weapon)
Armour
 a - a +0 robe (worn)
 f - a +2 helmet
Potions
 c - a potion of flight
 d - a potion of curing
 g - a potion of cancellation {unknown}


   Skills:
 + Level 2.7 Fighting
 - Level 1.7 Dodging
 - Level 1.7 Stealth
 + Level 3.7 Spellcasting
 - Level 2.0 Conjurations
 + Level 4.2 Air Magic


You had 7 spell levels left.
You knew the following spells:

 Your Spells              Type           Power      Damage    Failure   Level
a - Shock                 Conj/Air       48%        1d6       4%          1
b - Airstrike             Air            7%         N/A       32%         4

Your spell library contained the following spells:

 Spells                   Type           Power      Damage    Failure   Level
 Static Discharge         Conj/Air       12%        N/A       8%          2
 Swiftness                Air            15%        N/A       10%         3


Dungeon Overview and Level Annotations

Branches:
Dungeon (3/15)              Sewer (visited)

Altars:
Cheibriados

Annotations:
D:2 1 runed translucent door, Crazy Yiuf


Innate Abilities, Weirdness & Mutations

You are partially covered in yellow scales. (AC +2)
You sometimes gain a little power by taking damage.
You have a small tail.
You have a beak for a mouth.
Your body sometimes deteriorates upon taking damage.
You are dopey. (Int -2)
Your muscles are strong. (Str +2)


Message History

The rat bites you.
* * * LOW HITPOINT WARNING * * *
The rat bites you but does no damage. The rat bites you but does no damage.
The rat barely misses you. The rat closely misses you. The rat misses you.
The rat misses you. The rat bites you.
* * * LOW HITPOINT WARNING * * *
The rat misses you. The rat bites you.
* * * LOW HITPOINT WARNING * * *
The rat barely misses you. The rat bites you.
* * * LOW HITPOINT WARNING * * *
The rat closely misses you. The rat barely misses you. The rat misses you.
The rat bites you.
* * * LOW HITPOINT WARNING * * *
The rat bites you.
* * * LOW HITPOINT WARNING * * *
The rat closely misses you. The rat barely misses you.
The rat closely misses you. The rat closely misses you.
The rat bites you but does no damage. The rat barely misses you.
The rat bites you.
* * * LOW HITPOINT WARNING * * *
The rat barely misses you. The rat bites you.
* * * LOW HITPOINT WARNING * * *
The rat bites you but does no damage. The rat bites you but does no damage.
The rat completely misses you. The rat barely misses you. The rat bites you.
You die...

#........'.........'
#.#...####.........#
#.##.## ##.......##
#.#### ##.....##
#.### ##...## #...#
##'## ###.#
######.## #####.###
#.......# #....@..#
#.####..# #.###r#.#
#.###...###
#.#.###.#.......#
#...............#
###.###.#..###..##
#.#..# #....
#....###..##
###.......#
####.####


You could see a rat.

Vanquished Creatures
  A kobold brigand (Sewer)
  2 orc priests (D:3)
  An orc wizard (D:3)
  Robin (D:2)
  2 adders (D:2)
  3 river rats (Sewer)
  3 worms (D:3)
  3 dart slugs
  5 orcs (D:3)
  9 ball pythons
  4 bats
  4 endoplasms
  A giant cockroach (D:2)
  11 goblins
  7 hobgoblins
  2 jackals (Sewer)
  3 quokkas
  3 frilled lizards
  6 kobolds
  6 rats
77 creatures vanquished.

Notes
Turn   | Place    | Note
-------+----------+-------------------------------------------
     0 | D:1      | Essalna the Demonspawn Air Elementalist began the quest for
                  | the Orb.
     0 | D:1      | Reached XP level 1. HP: 13/13 MP: 3/3
   323 | D:1      | Gained mutation: You are partially covered in yellow
                  | scales. (AC +2) [demonic ancestry]
   323 | D:1      | Reached XP level 2. HP: 19/19 MP: 1/5
   769 | D:1      | Reached skill level 3 in Air Magic
  1388 | D:2      | Gained mutation: You sometimes gain a little power by
                  | taking damage. [demonic ancestry]
  1388 | D:2      | Reached XP level 3. HP: 24/24 MP: 3/6
  1472 | D:2      | Noticed Robin
  1479 | D:2      | Killed Robin
  2340 | D:2      | Found a faded altar of an unknown god.
  2493 | D:2      | Found a snail-covered altar of Cheibriados.
  2517 | D:2      | Gained mutation: You have a small tail. [demonic ancestry]
  2517 | D:2      | Reached XP level 4. HP: 28/31 MP: 1/8
  2522 | D:2      | Learned a level 4 spell: Airstrike
  2624 | D:2      | Found a runed translucent door.
  2625 | D:2      | Noticed Crazy Yiuf
  3062 | D:3      | Reached skill level 1 in Fighting
  3073 | D:3      | Found a glowing drain.
  3119 | Sewer    | Entered a sewer
  3406 | Sewer    | Noticed a kobold brigand
  3410 | Sewer    | Gained mutation: Your body sometimes deteriorates upon
                  | taking damage. [potion of mutation]
  3410 | Sewer    | Gained mutation: You are dopey. (Int -2) [potion of
                  | mutation]
  3410 | Sewer    | Gained mutation: Your muscles are strong. (Str +2) [potion
                  | of mutation]
  3410 | Sewer    | Gained mutation: You have a beak for a mouth. [potion of
                  | mutation]
  3444 | Sewer    | Killed a kobold brigand
  3445 | Sewer    | Reached XP level 5. HP: 28/38 MP: 3/9
  3925 | D:3      | Reached skill level 4 in Air Magic
  4524 | D:3      | HP: 1/39 [orc priest/divine providence (14)]
  4527 | D:3      | Reached XP level 6. HP: 5/46 MP: 0/11
  5504 | D:3      | HP: 2/46 [rat (3)]
  5511 | D:3      | Slain by a rat

Illustrated notes

Levels and vault maps discovered:
D:1:      amcnicky_arrival_underground_garden, layout_loops_cross
D:2:      layout_basic, hellmonk_ecumenical_altar_crossroads, basic_altar,
          uniq_crazy_yiuf_cottage, uniq_robin
D:3:      layout_loops_corners, cheibrodos_sewer_entry_sluice

Skill      XL: |  1  2  3  4  5 |
---------------+----------------+-----
Air Magic      | 3 4 |  4.2
Conjurations   | 2 |  2.0
Fighting       | 2 |  2.7
Spellcasting   | 3 |  3.7
Dodging        | |  1.7
Stealth        | |  1.7

Action                   |  1- 3 |  4- 6 || total
-------------------------+-------+-------++-------
Melee: Unarmed           |     3 |       ||     3
       Whip              |    23 |    91 ||   114
       Tailslap          |       |     6 ||     6
       Peck              |       |     5 ||     5
 Cast: Shock             |    93 |    99 ||   192
  Use: Potion            |       |     8 ||     8
       Scroll            |       |     4 ||     4
Armor: Robe              |     7 |   125 ||   132
       Skin              |       |    52 ||    52
Dodge: Dodged            |    20 |   274 ||   294

Table legend: (Time is in decaauts)
 A = Elapsed time spent in this place.
 B = Non-inter-level travel time spent in this place.
 C = Inter-level travel time spent in this place.
 D = Time resting spent in this place.
 E = Time spent auto-exploring this place.
 F = Levels seen in this place.
 G = Mean time per level.
                   A        B        C        D        E       F      G
               +--------+--------+--------+--------+--------+-----+--------+
         Total |   5548 |   5376 |    172 |     44 |   4319 |   4 | 1387.0 |
       Dungeon |   4923 |   4751 |    172 |     44 |   3838 |   3 | 1641.0 |
         Sewer |    625 |    625 |      0 |      0 |    481 |   1 |  625.0 |
               +--------+--------+--------+--------+--------+-----+--------+

Top non-repeatable levels by time:
     D:3: 1939 daAuts
     D:2: 1610 daAuts
     D:1: 1372 daAuts
   Sewer: 625 daAuts
